 Dungeon Crawl Stone Soup version 0.27.1-33-g824d729ab1 (webtiles) character file.

Game seed: 15142532826100134945

11 unlimited1921 the Skirmisher (level 2, 0/16 HPs)
             Began as a Vine Stalker Fighter on Dec 30, 2021.
             Frozen to death by an endoplasm (2 damage)
             ... on level 1 of the Dungeon.
             The game lasted 00:03:35 (840 turns).

unlimited1921 the Skirmisher (Vine Stalker Fighter)  Turns: 840, Time: 00:03:36

Health: 0/16       AC:  6    Str: 18    XL:     2   Next: 25%
Magic:  0/3        EV:  7    Int:  8    God:
Gold:   9          SH:  9    Dex: 13    Spells: 1/1 levels left

rFire    . . .     SeeInvis .   a - +0 long sword
rCold    . . .     Faith    .   c - +0 kite shield
rNeg     . . .     Spirit   +   b - +0 scale mail
rPois    .         Reflect  .   (no helmet)
rElec    .         Harm     .   (no cloak)
rCorr    .         Rampage  .   (no gloves)
Will     .....                  (no boots)
Stlth    ..........             (no amulet)
HPRegen  0.05/turn              (no ring)
MPRegen  0.08/turn              (no ring)

@: no status effects
A: fangs 2, magic shield, antimagic bite, no potion heal 2
a: no special abilities


You were on level 1 of the Dungeon.
You visited 1 branch of the dungeon, and saw 1 of its levels.

You collected 9 gold pieces.

Inventory:

Hand Weapons
 a - a +0 long sword (weapon)
Armour
 b - a +0 scale mail (worn)
 c - a +0 kite shield (worn)
Scrolls
 g - a scroll of holy word {unknown}
Potions
 d - a potion of might
 f - a potion of haste {unknown}


   Skills:
 + Level 3.0 Fighting
 + Level 1.9 Long Blades
 + Level 2.4 Armour
 + Level 2.8 Shields


You had one spell level left.
You didn't know any spells.
Your spell library was empty.

Dungeon Overview and Level Annotations

Branches:
Dungeon (1/15)

Altars:


Innate Abilities, Weirdness & Mutations

You have extremely sharp teeth.
When hurt, damage is shared between your health and your magic reserves.
Your bite disrupts and absorbs the magic of your enemies.
Potions cannot restore your health.


Message History

You closely miss the goblin. Your bite misses the goblin.
The bat hits you but does no damage. The bat barely misses you.
You riposte.
You completely miss the bat. You bite the bat, but do no damage.
The goblin hits you but does no damage. You block the bat's attack.
The bat hits you but does no damage. The bat barely misses you.
The bat hits you.
A quokka comes into view.
The bat barely misses you.
You riposte.
You closely miss the bat. The bat barely misses you. The bat barely misses you.
You riposte.
You hit the bat.
You kill the bat!
The quokka twitches its whiskers.
You barely miss the quokka. The goblin hits you but does no damage.
The quokka bites you but does no damage.
You slash the quokka!
You kill the quokka!
You block the goblin's attack. The goblin hits you but does no damage.
The goblin hits you with a +0 dagger.
* * * LOW HITPOINT WARNING * * *
The endoplasm quivers.
Found a ring mail.
The goblin hits you but does no damage.
You barely miss the goblin. Your bite misses the goblin.
You block the goblin's attack.
You slash the goblin!
You kill the goblin!
Things that are here:
a +0 dagger; a goblin corpse The endoplasm freezes you.
You are frozen.
* * * LOW HITPOINT WARNING * * *
The endoplasm freezes you.
You are frozen.
The endoplasm hits you but does no damage.
The endoplasm hits you but does no damage.
The endoplasm freezes you.
You are frozen.
You die...

############
...#####..........#
.........J........+
...>....@.........#
....####..........##
. ... #...........#
. . #...........## #
#............# #
#..........#.# #
#..........#.# #
#..........#.#####
######............


You could see an endoplasm.

Vanquished Creatures
  A ball python (D:1)
  An endoplasm (D:1)
  3 goblins (D:1)
  2 quokkas (D:1)
  A bat (D:1)
  2 rats (D:1)
10 creatures vanquished.

Notes
Turn   | Place    | Note
-------+----------+-------------------------------------------
     0 | D:1      | unlimited1921 the Vine Stalker Fighter began the quest for
                  | the Orb.
     0 | D:1      | Reached XP level 1. HP: 11/11 MP: 2/2
   652 | D:1      | Reached XP level 2. HP: 10/16 MP: 1/3
   769 | D:1      | Reached skill level 3 in Fighting
   840 | D:1      | Frozen to death by an endoplasm

Illustrated notes

Levels and vault maps discovered:
D:1:      matt_arrival_diagonals, layout_basic,
          hellmonk_ecumenical_altar_pennies_from_heaven

Skill      XL: |  1  2 |
---------------+-------+-----
Fighting       | 3 |  3.0
Long Blades    | |  1.9
Armour         | |  2.4
Shields        | |  2.8

Action                   || total
-------------------------++-------
Melee: Long sword        ||    25
       Bite              ||     9
  Use: Scroll            ||     1
Armor: Scale mail        ||    36
Dodge: Dodged            ||    20
Block: Kite shield       ||    24
       Rpst.: Long sword ||    10
